 Dungeon Crawl Stone Soup version 0.30-a0-627-gc11e7ae810 (webtiles) character file.

Game seed: 12366897170288905717

36 Decipherer the Cudgeller (level 3, -5/33 HPs)
             Began as a Minotaur Berserker on Jan 11, 2023.
             Was a Follower of Trog.
             Slain by an ogre
             ... wielding a +0 giant club
              (11 damage)
             ... on level 2 of the Dungeon.
             The game lasted 00:00:55 (1104 turns).

Decipherer the Cudgeller (Minotaur Berserker)       Turns: 1104, Time: 00:00:56

Health: -5/33      AC: 10    Str: 23    XL:     3   Next: 19%
Magic:  2/2        EV:  8    Int:  4    God:    Trog [*.....]
Gold:   84         SH:  0    Dex:  9    Spells: 2/2 levels left

rFire   . . .      SeeInvis .    a - +0 mace
rCold   . . .      Faith    .    (no shield)
rNeg    . . .      Spirit   .    p - +0 chain mail
rPois   .          Reflect  .    (helmet restricted)
rElec   .          Harm     .    (no cloak)
rCorr   .          Rampage  .    k - +0 pair of gloves
Will    .....                    (no boots) Stlth
                                 (no amulet)
HPRegen 0.25/turn                (no ring)
MPRegen 0.08/turn                (no ring)

@: no status effects
A: horns 2, retaliatory headbutt
a: Renounce Religion, Berserk


You were on level 2 of the Dungeon.
You worshipped Trog.
Trog was aware of your devotion.
You visited 1 branch of the dungeon, and saw 2 of its levels.

You collected 84 gold pieces.

Inventory:

Hand Weapons
 a - a +0 mace (weapon)
Missiles
 l - 6 poisoned darts
Armour
 k - a +0 pair of gloves (worn)
 p - a +0 chain mail (worn)
Jewellery
 q - a +5 ring of evasion
Scrolls
 b - a scroll of magic mapping {unknown}
 c - a scroll of enchant weapon {unknown}
 f - 2 scrolls of poison {unknown}
 g - 3 scrolls of identify {unknown}
 h - a scroll of vulnerability {unknown}
 i - 2 scrolls of fog {unknown}
 m - a scroll of fear {unknown}
Potions
 d - a potion of brilliance {unknown}
 e - 2 potions of heal wounds {unknown}
 j - a potion of degeneration {unknown}
 n - a potion of attraction {unknown}
 o - a potion of flight {unknown}


   Skills:
 + Level 4.0 Fighting
 + Level 4.5 Maces & Flails
 + Level 2.5 Armour
 + Level 2.5 Dodging
 + Level 0.3 Stealth


You had 2 spell levels left.
You didn't know any spells.
Your spell library contained the following spells:

 Spells                   Type           Power      Damage    Failure   Level
 Apportation              Tloc           0%         N/A       99%         1
 Magic Dart               Conj           0%         1d3       99%         1
 Searing Ray              Conj           0%         2d4       100%        2
 Fulminant Prism          Conj/Hex       0%         3d5       100%        4
 Alistair's Intoxication  Tmut/Pois      0%         N/A       100%        5


Dungeon Overview and Level Annotations

Branches:
Dungeon (2/15)

Altars:
Vehumet


Innate Abilities, Weirdness & Mutations

You have a pair of horns on your head.
You reflexively headbutt those who attack you in melee.


Message History

A worm is nearby!
You thump the worm! You headbutt the worm.
You kill the worm!
Trog accepts your kill.
Unknown command.
Found a plate armour.
No target in view!
Unknown command.
You now have 84 gold pieces (gained 13).
Found a ring mail.
No target in view!
Unknown command.
q - a +5 ring of evasion No target in view!
Unknown command.
An ogre comes into view. It is wielding a +0 giant club.
Unknown command.
An ogre is nearby!
You see here a jackal skeleton.
Unknown command.
An ogre is nearby!
You barely miss the ogre. Your headbutt misses the ogre.
The ogre hits you with a +0 giant club!
Unknown command.
An ogre is nearby!
You hit the ogre.
The ogre is lightly wounded.
The ogre hits you with a +0 giant club!!
Ouch! That really hurt!
* * * LOW HITPOINT WARNING * * *
Unknown command.
An ogre is nearby!
You are too injured to fight recklessly!
Unknown command.
An ogre is nearby!
You are too injured to fight recklessly!
Unknown command.
Okay, then.
The ogre attacks as you move away! The ogre hits you with a +0 giant club!
You die...

#.# #...._..##.########
#.# #.......##..♣.♣.♣.♣
##.# ####.....##.........
#..####......####..♣.♣.♣.8
#.##......##.# #.########
#.##.##.#.##.####.#
#.##<##)#)....>...#
#.........O#.######
####.##.#@##.# #.........#
#########.## #..####...
##......# #####..# #


You could see an ogre.

Vanquished Creatures
  A worm (D:2)
  An endoplasm (D:1)
  3 giant cockroaches
  2 goblins
  3 hobgoblins
  4 jackals (D:2)
  4 kobolds
  2 quokkas (D:2)
  2 ball pythons
  2 bats (D:1)
  2 frilled lizards
  3 rats
29 creatures vanquished.

Notes
Turn   | Place    | Note
-------+----------+-------------------------------------------
     0 | D:1      | Decipherer the Minotaur Berserker began the quest for the
                  | Orb.
     0 | D:1      | Reached XP level 1. HP: 19/19 MP: 0/0
   307 | D:1      | Reached XP level 2. HP: 27/27 MP: 1/1
   780 | D:2      | Found a radiant altar of Vehumet.
   897 | D:2      | Reached XP level 3. HP: 33/33 MP: 2/2
  1099 | D:2      | Noticed an ogre
  1104 | D:2      | Slain by an ogre

Illustrated notes

Levels and vault maps discovered:
D:1:      saegor_arrival_simple_e, layout_basic, minmay_tromino_v7
D:2:      layout_loops_cross, dreamdust_ecumenical_altar_angels_and_demons,
          basic_altar, chequers_avenue

Skill      XL: |  1  2  3 |
---------------+----------+-----
Maces & Flails | 4 |  4.5
Fighting       | 4 |  4.0
Armour         | |  2.5
Dodging        | |  2.5
Stealth        | |  0.3

Action                   || total
-------------------------++-------
Melee: Mace              ||    42
       Headbutt          ||     4
Invok: Berserk           ||     1
 Stab: Sleeping          ||     1
Armor: Animal skin       ||     9
Dodge: Dodged            ||    30

Table legend: (Time is in decaauts)
 A = Elapsed time spent in this place.
 B = Non-inter-level travel time spent in this place.
 C = Inter-level travel time spent in this place.
 D = Time resting spent in this place.
 E = Time spent auto-exploring this place.
 F = Levels seen in this place.
 G = Mean time per level.
                   A        B        C        D        E       F      G
               +--------+--------+--------+--------+--------+-----+--------+
         Total |   1126 |   1111 |     15 |      0 |    894 |   2 |  563.0 |
       Dungeon |   1126 |   1111 |     15 |      0 |    894 |   2 |  563.0 |
               +--------+--------+--------+--------+--------+-----+--------+

Top non-repeatable levels by time:
     D:1: 754 daAuts
     D:2: 372 daAuts
